[ AOE2 MATCH · #504624372 ]
UnrankedRomans vs Celts
Player's team · LOSS
Rival team · WIN
[ REPLAY ANALYSIS · EXTRACTED FROM THE RECORDED GAME ]
Feudal
9:36
Castle
20:39
Imperial
—
| APM avg | 49.4 |
| APM peak | 78 |
| eAPM avg | 30.2 |
| Villagers / military | 55 / 78 |
Focus
⚔️ 33.6% · 🌾 66.4%
Spearman ×33 · Militia ×24 · Archer ×13 · Scorpion ×7 · Monk ×1
Feudal
15:31
Castle
23:39
Imperial
—
| APM avg | 49.1 |
| APM peak | 79 |
| eAPM avg | 26.3 |
| Villagers / military | 81 / 23 |
Focus
⚔️ 28.0% · 🌾 72.0%
Knight ×13 · Militia ×6 · Mangonel ×4
Match map
Initial resources + every placement click. Lines = walls · curves = elevation contours. ◆ gold · ⬟ stone · ● berries · ✦ relic · ◌ wall gap
Your base· Open — opponent sealed themselves in
Fomersode's base· ✓ Closed at 23:39 · 38t walls · 3 gate(s)
Smoothed initial terrain · ◌ = detected wall gap · hover for details
Inputs per minute
— CONCHA MÁGICA - - Fomersode
Build order — CONCHA MÁGICA
First 150 of 231 actions detected
| 0:00 | Queue | Villager (Male) |
| 0:01 | Queue | Villager (Male) |
| 0:01 | Queue | Villager (Male) |
| 0:01 | Queue | Villager (Male) |
| 0:02 | Build | House |
| 0:04 | Build | House |
| 1:24 | Queue | Villager (Male) |
| 1:25 | Queue | Villager (Male) |
| 1:55 | Queue | Villager (Male) |
| 1:55 | Queue | Villager (Male) |
| 2:05 | Queue | Villager (Male) |
| 2:43 | Build | Lumber Camp |
| 2:46 | Queue | Villager (Male) |
| 2:46 | Queue | Villager (Male) |
| 3:09 | Queue | Villager (Male) |
| 3:37 | Build | House |
| 3:41 | Queue | Villager (Male) |
| 3:41 | Queue | Villager (Male) |
| 4:04 | Queue | Villager (Male) |
| 4:04 | Queue | Villager (Male) |
| 4:09 | Queue | Villager (Male) |
| 4:09 | Queue | Villager (Male) |
| 4:19 | Build | Mill |
| 4:24 | Build | Palisade Wall |
| 4:49 | Build | Palisade Wall |
| 4:49 | Queue | Villager (Male) |
| 4:49 | Queue | Villager (Male) |
| 5:01 | Queue | Villager (Male) |
| 5:01 | Queue | Villager (Male) |
| 5:01 | Queue | Villager (Male) |
| 5:24 | Build | Palisade Wall |
| 5:28 | Queue | Villager (Male) |
| 5:29 | Queue | Villager (Male) |
| 5:41 | Queue | Villager (Male) |
| 5:41 | Queue | Villager (Male) |
| 5:46 | Build | Palisade Wall |
| 5:52 | Queue | Villager (Male) |
| 5:52 | Queue | Villager (Male) |
| 6:09 | Build | House |
| 6:27 | Research | Loom |
| 7:26 | Research | Feudal Age |
| 7:26 | Research | Feudal Age |
| 7:37 | Build | Mining Camp |
| 8:04 | Build | House |
| 8:24 | Build | Palisade Wall |
| 8:26 | Build | Palisade Wall |
| 8:28 | Build | Palisade Wall |
| 8:29 | Build | Palisade Wall |
| 8:33 | Build | Palisade Wall |
| 9:26 | Build | Barracks |
| 9:36 | Age | Feudal Age |
| 9:36 | Queue | Villager (Male) |
| 9:37 | Queue | Villager (Male) |
| 9:42 | Research | Double-Bit Axe |
| 10:18 | Build | Archery Range |
| 10:23 | Queue | Villager (Male) |
| 10:37 | Build | House |
| 10:45 | Queue | Villager (Male) |
| 10:58 | Queue | Archer |
| 10:58 | Queue | Archer |
| 10:59 | Queue | Archer |
| 11:02 | Queue | Spearman |
| 11:28 | Queue | Archer |
| 11:35 | Queue | Spearman |
| 11:35 | Queue | Spearman |
| 11:36 | Queue | Spearman |
| 11:45 | Queue | Archer |
| 11:48 | Build | Farm |
| 11:49 | Queue | Villager (Male) |
| 11:52 | Queue | Villager (Male) |
| 12:03 | Queue | Archer |
| 12:06 | Queue | Villager (Male) |
| 12:08 | Build | Farm |
| 12:08 | Build | Farm |
| 12:08 | Build | Farm |
| 12:08 | Build | Farm |
| 12:09 | Build | Farm |
| 12:09 | Build | Farm |
| 12:19 | Build | Farm |
| 12:27 | Build | House |
| 12:29 | Queue | Archer |
| 12:30 | Queue | Archer |
| 12:38 | Queue | Villager (Male) |
| 12:56 | Build | Farm |
| 13:11 | Queue | Villager (Male) |
| 13:21 | Build | Market |
| 13:22 | Queue | Archer |
| 13:46 | Build | Lumber Camp |
| 13:51 | Build | Farm |
| 13:54 | Queue | Villager (Male) |
| 13:58 | Queue | Archer |
| 14:14 | Build | House |
| 14:18 | Build | House |
| 14:22 | Queue | Villager (Male) |
| 14:36 | Queue | Villager (Male) |
| 14:40 | Build | Farm |
| 14:40 | Build | Farm |
| 14:40 | Build | Farm |
| 15:10 | Build | Farm |
| 15:13 | Queue | Villager (Male) |
| 15:25 | Build | Farm |
| 15:27 | Build | Farm |
| 15:32 | Research | Wheelbarrow |
| 15:42 | Build | Farm |
| 16:06 | Build | Farm |
| 16:09 | Build | Mining Camp |
| 16:45 | Build | Farm |
| 16:46 | Build | Farm |
| 16:46 | Build | Farm |
| 17:11 | Queue | Villager (Male) |
| 17:32 | Build | Blacksmith |
| 17:59 | Research | Castle Age |
| 17:59 | Research | Castle Age |
| 18:10 | Build | Palisade Wall |
| 18:12 | Build | Palisade Wall |
| 18:26 | Build | Barracks |
| 19:02 | Research | Man-at-Arms (upgrade) |
| 19:08 | Queue | Archer |
| 19:14 | Queue | Archer |
| 19:49 | Build | House |
| 19:58 | Queue | Militia |
| 19:59 | Queue | Militia |
| 20:08 | Build | Palisade Wall |
| 20:13 | Build | Palisade Wall |
| 20:14 | Build | Palisade Wall |
| 20:17 | Build | Palisade Wall |
| 20:18 | Build | Palisade Wall |
| 20:33 | Queue | Militia |
| 20:33 | Queue | Militia |
| 20:39 | Age | Castle Age |
| 20:43 | Research | Scale Mail Armor |
| 20:43 | Research | Scale Mail Armor |
| 20:44 | Research | Long Swordsman (upgrade) |
| 20:45 | Research | Long Swordsman (upgrade) |
| 20:48 | Build | Barracks |
| 20:52 | Research | Squires |
| 20:53 | Queue | Militia |
| 20:59 | Build | Palisade Wall |
| 21:02 | Queue | Villager (Male) |
| 21:18 | Queue | Militia |
| 21:38 | Build | Siege Workshop |
| 21:42 | Queue | Villager (Male) |
| 21:43 | Queue | Villager (Male) |
| 21:52 | Build | Palisade Wall |
| 22:02 | Queue | Militia |
| 22:12 | Build | House |
| 22:13 | Queue | Villager (Male) |
| 22:23 | Queue | Militia |
| 22:23 | Queue | Militia |
| 22:28 | Build | House |
Build order — Fomersode
First 150 of 214 actions detected
| 0:00 | Queue | Villager (Male) |
| 0:00 | Queue | Villager (Male) |
| 0:01 | Queue | Villager (Male) |
| 0:01 | Queue | Villager (Male) |
| 0:01 | Queue | Villager (Male) |
| 0:01 | Queue | Villager (Male) |
| 0:03 | Build | House |
| 0:07 | Build | Barracks |
| 2:02 | Queue | Villager (Male) |
| 2:02 | Queue | Villager (Male) |
| 2:02 | Queue | Villager (Male) |
| 2:32 | Research | Loom |
| 2:56 | Queue | Militia |
| 3:00 | Build | House |
| 3:10 | Queue | Villager (Male) |
| 3:25 | Queue | Militia |
| 3:42 | Queue | Villager (Male) |
| 4:03 | Build | House |
| 4:06 | Queue | Villager (Male) |
| 4:06 | Queue | Villager (Male) |
| 4:09 | Queue | Militia |
| 4:13 | Queue | Villager (Male) |
| 4:37 | Queue | Villager (Male) |
| 4:51 | Queue | Villager (Male) |
| 5:14 | Queue | Villager (Male) |
| 5:22 | Queue | Militia |
| 5:24 | Queue | Villager (Male) |
| 5:29 | Build | House |
| 6:40 | Queue | Villager (Male) |
| 6:40 | Queue | Villager (Male) |
| 6:40 | Queue | Villager (Male) |
| 7:03 | Queue | Militia |
| 7:23 | Queue | Villager (Male) |
| 7:34 | Queue | Villager (Male) |
| 7:54 | Build | House |
| 7:56 | Queue | Villager (Male) |
| 7:59 | Build | Lumber Camp |
| 8:03 | Build | Mill |
| 8:13 | Queue | Militia |
| 9:24 | Queue | Villager (Male) |
| 9:24 | Queue | Villager (Male) |
| 9:24 | Queue | Villager (Male) |
| 9:29 | Build | Farm |
| 9:53 | Queue | Villager (Male) |
| 9:57 | Build | Farm |
| 10:33 | Build | House |
| 10:41 | Build | Farm |
| 10:58 | Queue | Villager (Male) |
| 11:29 | Queue | Villager (Male) |
| 11:32 | Build | House |
| 11:33 | Build | House |
| 11:37 | Build | Palisade Gate |
| 11:38 | Build | Palisade Wall |
| 11:41 | Build | Farm |
| 11:41 | Build | Farm |
| 11:41 | Build | Farm |
| 11:42 | Build | Farm |
| 11:43 | Queue | Villager (Male) |
| 12:11 | Queue | Villager (Male) |
| 12:14 | Build | Farm |
| 12:17 | Build | Farm |
| 12:45 | Queue | Villager (Male) |
| 12:48 | Build | Mining Camp |
| 12:53 | Build | House |
| 12:59 | Build | House |
| 13:00 | Build | Palisade Wall |
| 13:12 | Build | Palisade Wall |
| 13:21 | Research | Feudal Age |
| 13:38 | Build | House |
| 13:54 | Build | House |
| 14:01 | Build | House |
| 14:02 | Build | House |
| 14:04 | Build | House |
| 14:05 | Build | House |
| 14:18 | Build | House |
| 14:21 | Build | Palisade Gate |
| 14:26 | Build | Palisade Wall |
| 14:52 | Build | House |
| 15:03 | Build | House |
| 15:07 | Build | Palisade Wall |
| 15:24 | Queue | Villager (Male) |
| 15:31 | Age | Feudal Age |
| 15:34 | Build | Farm |
| 15:36 | Queue | Villager (Male) |
| 15:37 | Research | Double-Bit Axe |
| 15:50 | Build | Lumber Camp |
| 15:57 | Queue | Villager (Male) |
| 16:01 | Build | Farm |
| 16:12 | Research | Man-at-Arms (upgrade) |
| 16:15 | Research | Arson |
| 16:24 | Build | Palisade Gate |
| 16:49 | Queue | Villager (Male) |
| 16:50 | Queue | Villager (Male) |
| 16:51 | Queue | Villager (Male) |
| 16:51 | Queue | Villager (Male) |
| 16:53 | Build | Stable |
| 16:57 | Research | Horse Collar |
| 17:01 | Queue | Villager (Male) |
| 17:03 | Build | Farm |
| 17:03 | Build | Farm |
| 17:03 | Build | Farm |
| 17:04 | Build | Farm |
| 17:04 | Build | Farm |
| 17:29 | Build | Lumber Camp |
| 17:32 | Queue | Villager (Male) |
| 17:38 | Build | Farm |
| 17:39 | Build | Farm |
| 17:39 | Build | Farm |
| 18:03 | Queue | Villager (Male) |
| 18:09 | Build | Market |
| 18:25 | Queue | Villager (Male) |
| 18:27 | Research | Wheelbarrow |
| 18:29 | Build | Farm |
| 18:29 | Build | Farm |
| 18:57 | Queue | Villager (Male) |
| 19:25 | Build | Farm |
| 19:27 | Queue | Villager (Male) |
| 19:30 | Build | House |
| 19:31 | Build | House |
| 19:33 | Build | House |
| 19:35 | Build | House |
| 19:37 | Build | House |
| 19:46 | Queue | Villager (Male) |
| 19:49 | Build | Farm |
| 19:49 | Build | Farm |
| 19:49 | Build | Farm |
| 20:23 | Queue | Villager (Male) |
| 20:33 | Build | Stable |
| 20:35 | Queue | Villager (Male) |
| 20:50 | Research | Castle Age |
| 21:38 | Build | Blacksmith |
| 21:40 | Build | Mill |
| 21:41 | Build | Farm |
| 21:41 | Build | Farm |
| 21:41 | Build | Farm |
| 21:42 | Build | Farm |
| 21:42 | Build | Farm |
| 21:48 | Build | Farm |
| 21:48 | Build | Farm |
| 21:54 | Build | Archery Range |
| 22:10 | Build | House |
| 22:12 | Build | House |
| 22:14 | Build | House |
| 22:30 | Research | Scale Barding Armor |
| 22:32 | Research | Forging |
| 22:40 | Build | House |
| 22:43 | Build | House |
| 23:10 | Build | Lumber Camp |
| 23:12 | Build | Farm |
| 23:33 | Queue | Villager (Male) |
Match timeline
| 0:07 | Fomersode · first_building Barracks |
| 4:24 | CONCHA MÁGICA · wall_segment Palisade Wall x2 |
| 4:49 | CONCHA MÁGICA · wall_segment Palisade Wall x6 |
| 5:24 | CONCHA MÁGICA · wall_segment Palisade Wall x5 |
| 5:46 | CONCHA MÁGICA · wall_segment Palisade Wall x1 |
| 8:24 | CONCHA MÁGICA · wall_segment Palisade Wall x1 |
| 8:26 | CONCHA MÁGICA · wall_segment Palisade Wall x1 |
| 8:28 | CONCHA MÁGICA · wall_segment Palisade Wall x1 |
| 8:29 | CONCHA MÁGICA · wall_segment Palisade Wall x1 |
| 8:33 | CONCHA MÁGICA · wall_segment Palisade Wall x1 |
| 9:26 | CONCHA MÁGICA · first_building Barracks |
| 9:36 | CONCHA MÁGICA · age_up feudal |
| 10:18 | CONCHA MÁGICA · first_building Archery Range |
| 11:38 | Fomersode · wall_segment Palisade Wall x4 |
| 13:00 | Fomersode · wall_segment Palisade Wall x7 |
| 13:12 | Fomersode · wall_segment Palisade Wall x18 |
| 14:26 | Fomersode · wall_segment Palisade Wall x8 |
| 14:47 | CONCHA MÁGICA · first_market_sell 500 stone |
| 14:48 | CONCHA MÁGICA · first_market_buy 500 food |
| 15:07 | Fomersode · wall_segment Palisade Wall x1 |
| 15:31 | Fomersode · age_up feudal |
| 16:53 | Fomersode · first_building Stable |
| 18:10 | CONCHA MÁGICA · wall_segment Palisade Wall x8 |
| 18:12 | CONCHA MÁGICA · wall_segment Palisade Wall x6 |
| 20:08 | CONCHA MÁGICA · wall_segment Palisade Wall x1 |
| 20:13 | CONCHA MÁGICA · wall_segment Palisade Wall x1 |
| 20:14 | CONCHA MÁGICA · wall_segment Palisade Wall x1 |
| 20:17 | CONCHA MÁGICA · wall_segment Palisade Wall x1 |
| 20:18 | CONCHA MÁGICA · wall_segment Palisade Wall x1 |
| 20:39 | CONCHA MÁGICA · age_up castle |
| 20:45 | Fomersode · first_market_buy 100 food |
| 20:59 | CONCHA MÁGICA · wall_segment Palisade Wall x12 |
| 21:38 | CONCHA MÁGICA · first_building Siege Workshop |
| 21:52 | CONCHA MÁGICA · wall_segment Palisade Wall x17 |
| 21:54 | Fomersode · first_building Archery Range |
| 23:28 | CONCHA MÁGICA · wall_segment Palisade Wall x1 |
| 23:39 | Fomersode · age_up castle |
| 25:22 | Fomersode · first_building Siege Workshop |
| 25:31 | CONCHA MÁGICA · first_building Monastery |
| 28:33 | CONCHA MÁGICA · wall_segment Palisade Wall x1 |
| 29:36 | CONCHA MÁGICA · resign |
[ AI ANALYSIS · 1 CREDIT ]
What really happened in this match?
Wolo.gg analyzes every decision: build order, eco, micro, common mistakes by bracket. Personalized analysis on WhatsApp or Discord in 30 seconds.
Civ guide
Romans
Perfil
Jugador #824457